 Dungeon Crawl Stone Soup version 0.32-a0-132-g2d33c3cfaf (webtiles) character file.

Game seed: 12646838719387742112

614714 Sorkhos the Stormcaller (level 27, -3/245 (265) HPs)
             Began as a Naga Alchemist on Feb 9, 2024.
             Was the Champion of Cheibriados.
             Slain by a shadow dragon (8 damage)
             ... on level 5 of the Vaults.
             The game lasted 02:49:08 (84836 turns).

Sorkhos the Stormcaller (Naga Alchemist)           Turns: 84836, Time: 02:49:09

HP:   -3/245 (265)  AC:  8    Str: 26    XL:     27
MP:   54/54         EV: 16    Int: 74    God:    Cheibriados [******]
Gold: 4184          SH:  0    Dex: 27    Spells: 9/62 levels left

rFire   . . .        Y - +4 hand axe "Venag" {freeze, ^Contam rPois Int+8}
rCold   . . .        R - sphere of Battle
rNeg    . . .        W - +0 leather armour of Qafewib {Str-2 Int+7 SInv}
rPois   +            s - +0 helmet
rElec   +            S - +1 cloak of Inference {*Corrode rElec MP+9 Int+7}
rCorr   .            i - +1 pair of gloves "Vojipi Diu" {rElec Int+4}
SInv    +            K - +2 barding {Stlth+}
Will    +++..        k - amulet "Faah" {RegenMP ^Drain rElec SInv Stlth+}
Stlth   ++++++       I - +6 ring of intelligence
HPRegen 0.60/turn    Z - ring of wizardry
MPRegen 0.74/turn

%: corrode self (3%), wizardry (x1)
@: corroded, studying 2 skills, silenced, drained, very slow
A: AC +9, large, see invisible, deformed body, poison resistance, slowness 2,
spit poison 1, naga tail 2, subdued magic 2
}: 4/15 runes: decaying, serpentine, slimy, silver
a: Spit Poison, Renounce Religion


You were on level 5 of the Vaults.
You worshipped Cheibriados.
Cheibriados was exalted by your worship.
You visited 11 branches of the dungeon, and saw 51 of its levels.
You visited 1 bazaar.
You also visited: Sewer and Bailey.

You collected 6862 gold pieces.
You spent 2678 gold pieces at shops.

Inventory:

Hand Weapons
 a - the +7 Spriggan's Knife {stab, EV+4 Stlth+}
   (You found it on level 5 of the Pits of Slime)

   Stab:      It is more effective when stabbing unaware enemies, sometimes
   treating them as though they were completely helpless.
   EV+4:      It affects your evasion (+4).
   Stlth+:    It makes you more stealthy.
 c - the +8 demon trident "Rift" {distort, reach+}
   (You took it off an ironbound preserver on level 5 of the Vaults)
 f - the +8 autumn katana {manifold assault}
   (You took it off a vault sentinel on level 5 of the Vaults)
 u - a +1 quick blade of flaming {rare}
 O - a +3 short sword of distortion {!w}
 U - the +3 mace of Ocamatrekaj {freeze, *Corrode rF++ Int+3}
   (You found it on level 5 of the Pits of Slime)

   Int+3:     It affects your intelligence (+3).
   rF++:      It greatly protects you from fire.
   *Corrode:  It may corrode you when you take damage.
 Y - the +4 hand axe "Venag" (weapon) {freeze, ^Contam rPois Int+8}
   (You took it off a necromancer on level 1 of the Vaults)

   Int+8:     It affects your intelligence (+8).
   rPois:     It protects you from poison ^Contam: It causes magical
   contamination when unequipped.
Armour
 d - a +1 kite shield of protection
 e - a +0 kite shield of reflection
 i - the +1 pair of gloves "Vojipi Diu" (worn) {rElec Int+4}
   (You found it on level 2 of the Depths)

   Int+4:     It affects your intelligence (+4).
   rElec:     It insulates you from electricity.
 s - a +0 helmet (worn)
 E - the orb of the Poles {*channel, Dex+5}
   (You bought it in a shop in a bazaar)

   Dex+5:     It affects your dexterity (+5).
 J - +2 pearl dragon scales {rare}
 K - a +2 barding of stealth (worn)
 R - the sphere of Battle (worn)
   (You found it on level 5 of the Pits of Slime)

   Battle:    It summons a battlesphere in combat, with strength depending on
   Conjurations skill.
   Destructive: It enhances your destructive magic, and weakens non-destructive
   magic.
 S - the +1 cloak of Inference (worn) {*Corrode rElec MP+9 Int+7}
   (You found it on level 3 of the Elven Halls)

   Int+7:     It affects your intelligence (+7).
   rElec:     It insulates you from electricity.
   MP+9:      It affects your magic capacity (+9).
   *Corrode:  It may corrode you when you take damage.
 W - the +0 leather armour of Qafewib (worn) {Str-2 Int+7 SInv}
   (You found it on level 5 of the Lair of Beasts)

   Str-2:     It affects your strength (-2).
   Int+7:     It affects your intelligence (+7).
   SInv:      It lets you see invisible.
 X - the +1 robe "Cuamol" {Str+3 Int+3 Archmagi}
   (You found it on level 5 of the Vaults)

   Str+3:     It affects your strength (+3).
   Int+3:     It affects your intelligence (+3).
   Archmagi:  It increases the power of your magical spells.
Magical Staves
 r - the staff of Gaekesho {rElec rCorr MP-9 Int+3 Conj, !a}
   (You found it on level 3 of the Elven Halls)

   [staff of conjuration]

   Base accuracy: +5 Base damage: 5 Base attack delay: 1.2 This weapon's minimum
   attack delay (0.6) is reached at skill level 12.
   Int+3:     It affects your intelligence (+3).
   rElec:     It insulates you from electricity.
   MP-9:      It affects your magic capacity (-9).
   rCorr:     It protects you from acid and corrosion.
   Conj:      It increases the power of your Conjurations spells.
   It falls into the 'Staves' category.
   It is a one-handed weapon.
Jewellery
 k - the amulet "Faah" (around neck) {RegenMP ^Drain rElec SInv Stlth+}
   (You bought it in a shop on level 3 of the Dungeon)

   [amulet of magic regeneration]

   RegenMP:   It increases your rate of magic regeneration.
   rElec:     It insulates you from electricity.
   SInv:      It lets you see invisible.
   ^Drain:    It drains your maximum health when unequipped.
   Stlth+:    It makes you more stealthy.
 v - the amulet of Buseuqio {Faith rC+ Regen+ Str-2 Dex+4}
   (You found it on level 1 of the Lair of Beasts)

   [amulet of faith]

   Faith:     It allows you to gain divine favour quickly.
   Str-2:     It affects your strength (-2).
   Dex+4:     It affects your dexterity (+4).
   rC+:       It protects you from cold.
   Regen+:    It increases your rate of health regeneration.
 C - a ring of protection from cold
 F - a ring of protection from fire
 I - a +6 ring of intelligence (left hand)
 L - the ring "Jiti" {^Contam rC- Int+6 Slay+5 Stlth+}
   (You found it on level 3 of the Crypt)

   [ring of intelligence]

   Int+6:     It affects your intelligence (+6).
   Slay+5:    It affects your accuracy & damage with ranged weapons and melee
   (+5).
   rC-:       It makes you vulnerable to cold.
   ^Contam:   It causes magical contamination when unequipped.
   Stlth+:    It makes you more stealthy.
 M - the ring of the Enemy {Fly rC++ Str-4 Dex+4 Slay+3}
   (You found it on level 5 of the Pits of Slime)

   [ring of flight]

   Str-4:     It affects your strength (-4).
   Dex+4:     It affects your dexterity (+4).
   Slay+3:    It affects your accuracy & damage with ranged weapons and melee
   (+3).
   rC++:      It greatly protects you from cold.
   Fly:       It grants you flight.
 N - the ring "Jisicut" {rF+ rN++ Int-5 Stlth+}
   (You found it on level 5 of the Pits of Slime)

   [ring of protection from fire]

   Int-5:     It affects your intelligence (-5).
   rF+:       It protects you from fire.
   rN++:      It greatly protects you from negative energy.
   Stlth+:    It makes you more stealthy.
 Z - a ring of wizardry (right hand)
Talismans
 B - a talisman of death
Wands
 H - a wand of digging (5)
Scrolls
 h - 21 scrolls of enchant weapon
 j - 2 scrolls of blinking {!r}
 o - 2 scrolls of revelation
 p - 9 scrolls of enchant armour
 t - 3 scrolls of teleportation {@r4}
 G - a scroll of amnesia
 Q - 3 scrolls of silence {!r!r}
 V - 7 scrolls of fog
Potions
 b - a potion of magic
 g - 6 potions of might
 l - 8 potions of brilliance
 m - 6 potions of ambrosia
 q - 9 potions of enlightenment
 w - a potion of berserk rage {!q}
 x - 6 potions of resistance
 z - 7 potions of mutation {!q}
 D - 8 potions of curing {@q1}
 P - 7 potions of cancellation
 T - 5 potions of attraction {!q}
Miscellaneous
 y - a sack of spiders (inert)
 A - a phial of floods (inert)


   Skills:
 - Level 19.0 Fighting
 + Level 6.8 Armour
 - Level 10.0 Dodging
 - Level 8.0 Stealth
 - Level 14.0 Shields
 - Level 18.0 Spellcasting
 - Level 19.0 Conjurations
 - Level 10.0 Summonings
 - Level 5.0 Necromancy
 - Level 4.0 Translocations
 - Level 10.0 Fire Magic
 - Level 5.0 Ice Magic
 - Level 19.0 Air Magic
 + Level 11.8 Earth Magic
 - Level 10.0 Alchemy
 - Level 14.0 Invocations
 - Level 4.0 Evocations
 - Level 0.2 Shapeshifting


You had 9 spell levels left.
You knew the following spells:

 Your Spells              Type           Power      Damage    Failure   Level
b - Blink                 Tloc           78%        N/A       0%          2
c - Chain Lightning       Conj/Air       72%        3d96      1%          9
f - Freezing Cloud        Conj/Ice/Air   65%        6-21      0%          5
i - Ignition              Fire           58%        3d16      2%          8
l - Lehudib's Crystal Sp  Conj/Erth      67%        10d15     1%          8
s - Sting                 Conj/Alch      100%       1d9       0%          1
B - Sublimation of Blood  Necr           43%        N/A       0%          2
S - Spellforged Servitor  Conj/Summ      66%        N/A       1%          7
X - Plasma Beam           Fire/Air       66%        2x1d82    0%          6
Y - Arcjolt               Conj/Air       72%        1d82      0%          5

Your spell library contained the following spells:

 Spells                   Type           Power      Damage    Failure   Level
 Apportation              Tloc           78%        N/A       0%          1
 Foxfire                  Conj/Fire      100%       2x1d9     0%          1
 Freeze                   Ice            100%       1d10      0%          1
 Kiss of Death            Conj/Necr      100%       2d13      0%          1
 Magic Dart               Conj           100%       1d8       0%          1
 Necrotise                Necr           100%       1d9       0%          1
 Shock                    Conj/Air       100%       1d9       0%          1
 Summon Small Mammal      Summ           100%       N/A       0%          1
 Call Imp                 Summ           100%       N/A       0%          2
 Cigotuvi's Dreadful Rot  Necr/Alch/Air  100%       N/A       0%          2
 Ensorcelled Hibernation  Hex/Ice        64%        N/A       0%          2
 Lesser Beckoning         Tloc           78%        N/A       0%          2
 Mercury Vapours          Alch/Air       100%       N/A       0%          2
 Scorch                   Fire           100%       2d9       0%          2
 Call Canine Familiar     Summ           61%        N/A       0%          3
 Dazzling Flash           Conj/Hex       100%       N/A       0%          3
 Frozen Ramparts          Ice            100%       1d16      0%          3
 Gell's Gravitas          Tloc           39%        N/A       0%          3
 Hailstorm                Conj/Ice       100%       3d16      0%          3
 Inner Flame              Hex/Fire       93%        N/A       0%          3
 Mephitic Cloud           Conj/Alch/Air  100%       N/A       0%          3
 Summon Ice Beast         Ice/Summ       53%        N/A       0%          3
 Teleport Other           Tloc           39%        N/A       0%          3
 Vampiric Draining        Necr           43%        2d9       0%          3
 Volatile Blastmotes      Fire/Tloc      100%       2d18      0%          3
 Animate Armour           Summ/Erth      100%       N/A       0%          4
 Animate Dead             Necr           43%        N/A       0%          4
 Dispel Undead            Necr           43%        3d17      0%          4
 Flame Wave               Conj/Fire      100%       2d21      0%          4
 Fulminant Prism          Conj/Alch      66%        3d28      0%          4
 Ignite Poison            Fire/Alch      100%       N/A       0%          4
 Leda's Liquefaction      Alch/Erth      32%        N/A       0%          4
 Martyr's Knell           Necr/Summ      53%        N/A       0%          4
 Olgreb's Toxic Radiance  Alch           100%       N/A       0%          4
 Petrify                  Alch/Erth      64%        N/A       0%          4
 Sticky Flame             Fire/Alch      100%       2d15      0%          4
 Summon Blazeheart Golem  Fire/Summ      61%        N/A       0%          4
 Summon Lightning Spire   Summ/Air       73%        N/A       0%          4
 Vhi's Electric Charge    Tloc/Air       100%       N/A       0%          4
 Borgnjor's Vile Clutch   Necr/Erth      28%        N/A       0%          5
 Fireball                 Conj/Fire      66%        3d25      0%          5
 Irradiate                Conj/Alch      66%        3d33      0%          5
 Iskenderun's Battlesphe  Conj           100%       2d15      0%          5
 Lee's Rapid Deconstruct  Erth           61%        3d28*     0%          5
 Bombard                  Conj/Erth      67%        9d11      0%          6
 Starburst                Conj/Fire      66%        6d17      0%          6
 Orb of Destruction       Conj           72%        9d17      0%          7
 Confusing Touch          Hex            20%        N/A       1%          3
 Sigil of Binding         Hex            20%        N/A       1%          3
 Anguish                  Hex/Necr       16%        N/A       1%          4
 Cause Fear               Hex            10%        N/A       1%          4
 Dimensional Bullseye     Hex/Tloc       15%        N/A       1%          4
 Manifold Assault         Tloc           39%        N/A       1%          4
 Passage of Golubria      Tloc           39%        N/A       1%          4
 Curse of Agony           Necr           43%        N/A       1%          5
 Metabolic Englaciation   Hex/Ice        16%        N/A       1%          5
 Summon Forest            Summ/Tloc      26%        N/A       1%          5
 Summon Mana Viper        Hex/Summ       43%        N/A       1%          5
 Death Channel            Necr           21%        N/A       1%          6
 Dispersal                Tloc           19%        N/A       1%          6
 Sculpt Simulacrum        Ice/Alch       26%        N/A       1%          6
 Summon Cactus Giant      Summ           30%        N/A       1%          6
 Haunt                    Necr/Summ      26%        N/A       1%          7
 Monstrous Menagerie      Summ           30%        N/A       1%          7
 Summon Hydra             Summ           30%        N/A       1%          7
 Maxwell's Capacitive Co  Air            72%        ∞         1%          8
 Ozocubu's Refrigeration  Ice            46%        4d17      2%          7
 Fire Storm               Conj/Fire      66%        8d17      6%          9
 Enfeeble                 Hex            10%        N/A       21%         7
 Borgnjor's Revivificati  Necr           21%        N/A       21%         8
 Infestation              Necr           21%        N/A       21%         8
 Shatter                  Erth           61%        3d46*     21%         9
 Disjunction              Tloc           19%        N/A       32%         8
 Dragon's Call            Summ           30%        N/A       38%         9
 Discord                  Hex            10%        N/A       86%         8
 Death's Door             Necr           21%        N/A       97%         9


Dungeon Overview and Level Annotations

Branches:
Dungeon (15/15)            Temple (1/1) D:4            Lair (5/5) D:11
  Swamp (4/4) Lair:3        Snake (4/4) Lair:3        Slime (5/5) Lair:5
    Orc (2/2) D:12            Elf (3/3) Orc:2        Vaults (5/5) D:14
  Crypt (3/3) Vaults:2       Tomb (0/3) Crypt:3      Depths (4/4) D:15
    Zot (0/5) Depths:4      Sewer (visited)          Bailey (visited)

Altars:
Ashenzari
Cheibriados
Dithmenos
Elyvilon
Fedhas
Gozag
Hepliaklqana
Kikubaaqudgha
Makhleb
Nemelex Xobeh
Okawaru
Qazlal
Ru
Sif Muna
Trog
Uskayaw
Vehumet
Wu Jian
Xom
Yredelemnul
Zin
The Shining One
Lugonu

Shops:
D:3 (=*   D:10 :   Orc:1 ?   Orc:2 *:?[   Elf:2 ::=[   Elf:3 :[[!*   Snake:2 :
Vaults:1 :   Vaults:2 (   Vaults:4 *

Portals:
Hell: Depths:1 Depths:2 Depths:3 Depths:4
Abyss: Lair:5 Depths:1 Depths:2 Depths:3
Pandemonium: Orc:2 Depths:2
Ziggurat: Depths:4
Trove: D:11 (give +2 storm dragon scales)

Annotations:
Vaults:5 Mennas


Innate Abilities, Weirdness & Mutations

Your serpentine skin is tough. (AC +9)
You have supernaturally acute eyesight. (SInv)
Armour fits poorly on your strangely shaped body.
Your system is resistant to poisons. (rPois)
You cover ground very slowly.
You can spit poison.
You can use your snake-like lower body to constrict enemies.
Your spells are easier to cast, but less powerful.


Message History

You swap places.
Mennas becomes audible again.
Mennas hits your battlesphere with a +4 eudemon blade of holy wrath!!
Mennas hits your battlesphere with a +4 eudemon blade of holy wrath!
Mennas gestures frantically.
Mennas's surroundings become eerily quiet.
Mennas throws a stone.
The stone hits your battlesphere!
Your battlesphere is destroyed!
Mennas hits you with a +4 eudemon blade of holy wrath!!
Your corrosive artefact corrodes you!
Mennas hits you with a +4 eudemon blade of holy wrath!
Okay, then.
Mennas attacks as he pursues you!
Mennas hits you with a +4 eudemon blade of holy wrath. x2
Your corrosive artefact corrodes you!
Mennas hits you with a +4 eudemon blade of holy wrath!!
* * * LOW HITPOINT WARNING * * *
Mennas hits you with a +4 eudemon blade of holy wrath!!
* * * LOW HITPOINT WARNING * * *
Mennas barely misses you.
Mennas hits you with a +4 eudemon blade of holy wrath.
* * * LOW HITPOINT WARNING * * *
Mennas hits you with a +4 eudemon blade of holy wrath!!
* * * LOW HITPOINT WARNING * * *
Mennas hits you with a +4 eudemon blade of holy wrath!
* * * LOW HITPOINT WARNING * * *
Okay, then.
Okay, then.
You feel much better.
You conjure a globe of magical energy.
Mennas hits you with a +4 eudemon blade of holy wrath!
* * * LOW HITPOINT WARNING * * *
Mennas hits you with a +4 eudemon blade of holy wrath!!
* * * LOW HITPOINT WARNING * * *
Unknown command.
You swap places.
Something hits your spellforged servitor!!
Something hits your spellforged servitor!
Something hits your spellforged servitor!!
Your spellforged servitor is destroyed!
Your spellforged servitor disappears in a puff of smoke!
The shadow dragon breathes negative energy at you.
The bolt of negative energy hits you!!
You feel drained.
* * * LOW HITPOINT WARNING * * *
Something hits your battlesphere!! Something hits your battlesphere!
Your battlesphere is destroyed!
The shadow dragon misses you.
The shadow dragon claws you but does no damage.
The shadow dragon claws you!
You die...
Cheibriados appreciates the motionlessness of death.

.............)..[)[.[<<..........
.............)..(..[D[~..........
##################[9[[)[[.#######
#.#.#.#.#.#.#.#.#...~)[...[.....
.#.#.#.#.#.#.#.#=#.#....#.......
#.#?#.#.#.#.#.#.#.##....#[......
######.#########9#.#....#.......
#.#.# ##D##....#....... ###...###
#@#A#....#......' ##...)...##
##§##....#.....#' ##.........##
#.#.#....#..
#.../.|.[...#####.##....#..
......[......#.#.#.#....#.#
#...[../:...#.#.#.##....#'#
.......[.....#.#.#.#[.).#.##
#...).:.....#####.##.[(.#..##
##.........## #.#.#.[).#...###


You could see a shadow dragon (unsilenced, catching breath).

Vanquished Creatures
  the Royal Jelly (Slime:5)
  6 ancient liches
  Mara (Depths:1)
  A juggernaut (Depths:4)
  Xtahua (Crypt:2)
  Boris (Vaults:1)
  Vv (Depths:3)
  The ghost of ILmort the Acrobat, a veteran MfIE of Ashenzari (Depths:2)
  5 caustic shrikes
  2 golden dragons
  Norris (Elf:1)
  2 bone dragons
  6 tentacled monstrosities
  6 liches
  Rupert (Snake:1)
  3 deep elf blademasters (Elf:3)
  Asterion (Depths:2)
  A quicksilver dragon (Depths:2)
  A deep elf master archer (Elf:3)
  A walking divine tome (Depths:2)
  14 acid blobs
  5 ancient champions (Crypt:3)
  2 titans
  4 sphinxes
  5 storm dragons
  Donald (Swamp:4)
  A thorn hunter (Swamp:2)
  4 tengu reavers
  Aizul (Snake:4)
  3 shadow dragons (Vaults:5)
  A draconian knight (Depths:4)
  13 rockslimes
  14 azure jellies
  A fenstrider witch (Swamp:3)
  4 fire giants
  4 iron dragons
  14 vault wardens
  A draconian shifter (Depths:4)
  6 nagarajas
  3 frost giants
  6 deep elf sorcerers
  4 revenants
  A balrug (Depths:3)
  6 deep elf elementalists (Elf:3)
  A caustic shrike zombie (Crypt:3)
  Louise (Swamp:4)
  9 curse skulls
  4 orc warlords
  3 cacodemons (Crypt:2)
  9 ghouls
  2 spriggan defenders (Depths:2)
  21 ironbound preservers
  A caustic shrike skeleton (Depths:1)
  18 stone giants
  13 quicksilver oozes
  A formless jellyfish (Slime:1)
  14 ironbound thunderhulks
  15 very ugly things
  10 vampire knights
  2 deep elf demonologists (Elf:3)
  4 green draconians (Depths:4)
  7 eleionomae
  10 deep elf death magi
  Azrael (D:14)
  A white draconian (Depths:4)
  3 war gargoyles
  8 deep elf annihilators
  10 dire elephants
  A spark wasp (Depths:2)
  9 bunyips
  Snorg (D:10)
  A blizzard demon (Depths:4)
  A green death (Depths:2)
  9 eidola
  8 ettins
  12 yaktaur captains
  A merfolk impaler (Depths:4)
  A merfolk javelineer (Depths:4)
  Josephine (D:14)
  2 deep elf high priests (Elf:3)
  5 fire dragons
  3 entropy weavers
  7 jiangshi
  2 ice dragons
  Harold (Orc:1)
  6 rakshasas
  4 spriggan air magi
  5 great orbs of eyes
  A peacekeeper (Vaults:1)
  8 ironbound frosthearts
  A hell beast (Crypt:1)
  A spriggan skeleton (Crypt:3)
  19 hydras
  2 ogre magi
  2 catoblepae (Lair:1)
  32 vault guards
  3 alligators
  2 demonspawn (Orc:2)
  9 ghost crabs
  A salamander tyrant (Snake:4)
  9 anacondas
  3 boulder beetles
  6 centaur warriors
  3 death knights
  6 two-headed ogres
  3 deep troll earth magi
  9 naga warriors
  6 deep troll shamans
  10 vampire magi
  8 death yaks
  3 thrashing horrors (Lair:5)
  8 orc high priests
  34 dancing weapons
  6 tengu warriors
  8 naga sharpshooters
  6 spriggan berserkers
  An occultist (Elf:1)
  6 shock serpents
  2 sun demons (Depths:3)
  6 soul eaters
  9 hell knights
  27 deep elf knights
  4 shadow wraiths (Crypt:2)
  A storm dragon zombie (Crypt:1)
  A fire crab (shapeshifter) (Depths:3)
  4 iron trolls
  14 skeletal warriors
  4 skysharks
  Lodul (D:11)
  2 salamander mystics
  5 goliath frogs
  4 flayed ghosts
  4 sea snakes (Snake:3)
  A death drake (shapeshifter) (Depths:4)
  10 spriggan druids
  5 arcanists
  A mana viper (shapeshifter) (Vaults:4)
  25 mana vipers
  3 naga ritualists (Snake:4)
  3 swamp dragons
  A sea snake (shapeshifter) (Vaults:5)
  7 lindwurms
  18 phantasmal warriors
  5 glowing orange brains
  A harpy (shapeshifter) (Elf:3)
  13 ironbound convokers
  69 deep trolls
  18 deep elf archers
  4 harpies
  9 bog bodies
  A golden dragon skeleton (Crypt:3)
  2 alligator zombies (Swamp:4)
  35 deep elf pyromancers
  13 necromancers
  A bunyip skeleton (Crypt:3)
  3 spectral hydras (Swamp:4)
  25 deep elf zephyrmancers
  2 spectral alligators (Swamp:4)
  15 orc knights
  Pikel (D:6)
  10 orc sorcerers
  47 ugly things
  A wolf spider (shapeshifter) (Depths:2)
  4 cyclopes
  6 shining eyes
  3 oklob plants (Lair:4)
  4 will-o-the-wisps
  3 large abominations (Lair:5)
  14 salamanders
  31 black mambas
  3 eyes of devastation
  A meliai (shapeshifter) (Lair:5)
  9 guardian serpents
  A human skeleton (Crypt:3)
  3 black mambas (shapeshifter)
  9 elephants
  A kobold blastminer (Orc:2)
  4 apocalypse crabs (Swamp:3)
  An orange demon (Crypt:1)
  16 vault sentinels
  16 naga magi
  A gargoyle (D:13)
  12 cane toads
  5 centaur skeletons
  2 unseen horrors
  A purple draconian zombie (Crypt:3)
  A naga skeleton (Crypt:3)
  2 torpor snails (shapeshifter) (Vaults:5)
  2 swamp worm zombies (Swamp:4)
  Maggie (D:10)
  A human zombie (Vaults:2)
  6 freezing wraiths
  A kobold demonologist (D:10)
  An iron troll zombie (Crypt:3)
  A hellion (Crypt:1)
  2 alligator snapping turtle skeletons
  2 ice devils (Orc:2)
  41 yaktaurs
  3 rime drakes
  3 tengu conjurers
  An efreet (D:13)
  5 trolls
  5 komodo dragons
  6 hydra zombies (Swamp:4)
  2 bloated husks
  A sea snake skeleton (Crypt:2)
  7 tyrant leeches
  3 polar bears
  A glass eye (shapeshifter) (D:15)
  A queen bee (D:11)
  10 hornets
  A death drake skeleton (Crypt:2)
  A harpy skeleton (Crypt:3)
  A raiju (shapeshifter) (Lair:5)
  An ettin zombie (Crypt:3)
  2 spectral swamp dragons (Swamp:4)
  20 blink frogs
  2 glass eyes
  3 raiju (Lair:5)
  An elf zombie (Vaults:2)
  A shadow (D:14)
  An ettin skeleton (Crypt:3)
  94 slime creatures
  58 yaks
  2 wyverns
  11 spriggans
  8 wraiths
  A ynoxinul (Orc:2)
  5 water elementals
  An air elemental (Elf:3)
  6 tyrant leech zombies (Swamp:4)
  A slime creature zombie (Crypt:2)
  10 basilisks
  13 golden eyes
  5 wargs
  A neqoxec (Orc:2)
  11 fire elementals
  5 steam dragons
  3 chaos spawn
  A glowing shapeshifter zombie (Vaults:2)
  Menkaure (D:6)
  A naga (shapeshifter) (Elf:1)
  11 vampire mosquitoes
  45 nagas
  12 swamp worms
  An acid dragon (D:12)
  2 hell hounds (D:14)
  12 water moccasins
  A swamp dragon zombie (Swamp:4)
  42 orc warriors
  4 swamp drakes
  An ice beast (D:8)
  A black bear (D:7)
  10 small abominations (Lair:5)
  15 ogres
  9 laughing skulls
  6 boggarts
  3 centaurs
  10 phantoms
  8 wolves
  3 kobold brigands
  7 bullfrogs
  A fire crab zombie (Crypt:1)
  A necrophage (Crypt:3)
  3 earth elementals
  2 scorpions
  A glowing shapeshifter simulacrum (Vaults:2)
  A yaktaur skeleton (Crypt:2)
  4 wights
  27 killer bees
  A howler monkey (D:6)
  A bombardier beetle (D:6)
  9 electric eels
  4 crimson imps (D:7)
  A black bear zombie (Crypt:3)
  6 hounds
  6 jellies
  33 orc priests
  2 gnoll boudas
  8 iron imps (Crypt:1)
  Natasha (twice) (D:3)
  7 iguanas
  16 orc wizards
  A boggart skeleton (Crypt:2)
  A boggart simulacrum (D:15)
  6 gnolls
  A howler monkey skeleton (Crypt:1)
  8 adders
  5 river rats (Sewer)
  2 shadow imps (D:7)
  A swamp drake skeleton (Crypt:1)
  3 white imps
  2 ufetubi (D:5)
  7 dart slugs
  77 orcs
  9 ball pythons
  2 endoplasms
  2 giant cockroaches
  6 goblins
  10 hobgoblins
  6 jackals
  5 quokkas
  A bat (D:1)
  3 frilled lizards
  27 kobolds
  An orc skeleton (Crypt:3)
  13 rats
  2 river rat skeletons (Crypt:1)
2133 creatures vanquished.

Vanquished Creatures (collateral kills)
  Vashnia (Snake:4)
  Saint Roka (Vaults:5)
  2 golden dragons
  2 tentacled monstrosities
  An ancient champion (Crypt:1)
  3 acid blobs
  A shadow dragon (Vaults:5)
  A storm dragon (Vaults:5)
  2 tengu reavers (Vaults:5)
  An azure jelly (Lair:5)
  3 fire giants
  6 vault wardens
  A deep elf sorcerer (Vaults:5)
  A frost giant (Vaults:5)
  A juggernaut zombie (Depths:1)
  A stone giant (Depths:3)
  9 very ugly things
  A quicksilver ooze (Slime:2)
  4 ironbound preservers
  2 formless jellyfish (Slime:1)
  A deep elf death mage (Vaults:5)
  A purple draconian (Depths:4)
  4 dire elephants (Vaults:3)
  An eidolon (Crypt:1)
  2 fire dragons (Depths:4)
  A jiangshi (Crypt:1)
  An ettin (Depths:2)
  2 ice dragons
  3 yaktaur captains
  A peacekeeper (Vaults:3)
  2 great orbs of eyes
  An ogre mage (Vaults:5)
  A vault guard (Vaults:3)
  2 alligators (Swamp:3)
  2 spriggan air magi
  A centaur warrior (Vaults:3)
  A tengu warrior (Depths:3)
  A sphinx skeleton (Crypt:1)
  An orc high priest (Vaults:5)
  A deep troll earth mage (Depths:1)
  A naga warrior (Snake:4)
  8 deep trolls
  A titan skeleton (Depths:1)
  A skyshark (shapeshifter) (Vaults:5)
  A naga ritualist (Snake:4)
  An ironbound convoker (Vaults:5)
  A spriggan druid (Swamp:3)
  A harpy (Vaults:4)
  3 lindwurms (Vaults:3)
  3 phantasmal warriors (Crypt:1)
  6 orc knights
  2 arcanists (Vaults:3)
  A salamander (Snake:4)
  6 ugly things
  A shining eye (Slime:2)
  A salamander (shapeshifter) (Vaults:5)
  2 elephants (Lair:5)
  3 vault sentinels
  A guardian serpent (Snake:4)
  A smoke demon (Lair:5)
  A yaktaur (Vaults:3)
  3 freezing wraiths
  A tyrant leech (Swamp:3)
  A hornet (Depths:3)
  A troll (D:10)
  A dream sheep (shapeshifter) (Vaults:5)
  A stone giant simulacrum (Depths:1)
  6 slime creatures
  A black mamba zombie (Crypt:1)
  A spriggan (Depths:3)
  A naga (Snake:1)
  A skyshark zombie (Crypt:2)
  A swamp worm (Swamp:3)
  An acid dragon (D:9)
  A laughing skull (Crypt:1)
  A blink frog zombie (Crypt:1)
  An orc priest (D:9)
  An orc wizard (D:10)
  A river rat (Sewer)
  2 orcs (D:9)
  3 ball pythons (Sewer)
  7 rats (Sewer)
157 creatures vanquished.

Vanquished Creatures (others)
  A fire giant (Depths:2)
  A sun demon (Depths:2)
  2 skysharks (Elf:1)
  A salamander mystic (Snake:4)
  A will-o-the-wisp (Swamp:4)
  A centaur skeleton (D:14)
  A phantom (Swamp:4)
  A crimson imp (D:7)
  33 foxfires
42 creatures vanquished.

Grand Total: 2332 creatures vanquished

Notes
Turn   | Place    | Note
-------+----------+-------------------------------------------
     0 | D:1      | Sorkhos the Naga Alchemist began the quest for the Orb.
     0 | D:1      | Reached XP level 1. HP: 15/15 MP: 3/3
   187 | D:1      | Reached XP level 2. HP: 22/22 MP: 1/5
   479 | D:1      | Reached skill level 1 in Air Magic
   606 | D:1      | Reached XP level 3. HP: 23/28 MP: 0/6
  1219 | D:2      | Reached XP level 4. HP: 31/36 MP: 1/7
  1823 | D:2      | Learned a level 3 spell: Mephitic Cloud
  1828 | D:2      | Learned a level 4 spell: Olgreb's Toxic Radiance
  1870 | D:3      | Found Babigumi's Jewellery Shoppe.
  1892 | D:3      | Noticed Natasha
  1897 | D:3      | Killed Natasha
  2132 | D:3      | Found Wocice's Weapon Shoppe.
  2276 | D:3      | Found Uguw's Assorted Antiques.
  2278 | D:3      | Bought a scroll labelled DYTENG KOCWE for 34 gold pieces
  2278 | D:3      | Bought a silvery potion for 30 gold pieces
  2375 | D:3      | Noticed Natasha
  2378 | D:3      | Killed Natasha
  2379 | D:3      | Reached XP level 5. HP: 39/42 MP: 6/9
  2853 | D:4      | Reached skill level 3 in Spellcasting
  3023 | D:4      | Found a glowing drain.
  3027 | Sewer    | Entered a sewer
  3095 | Sewer    | Reached XP level 6. HP: 30/49 MP: 0/10
  3118 | Sewer    | Reached skill level 3 in Conjurations
  3449 | Sewer    | Reached skill level 3 in Air Magic
  4101 | D:4      | Found a staircase to the Ecumenical Temple.
  4207 | D:4      | Gained mutation: Your mind is acute. (Int +4, Str/Dex -1)
                  | [potion of mutation]
  4207 | D:4      | Lost mutation: Your mind is acute. (Int +4, Str/Dex -1)
                  | [potion of mutation]
  4210 | D:4      | Reached XP level 7. HP: 3/55 MP: 0/12
  4634 | D:4      | You fall into a shaft and drop 2 floors!
  4648 | D:5      | Entered Level 5 of the Dungeon
  5020 | D:4      | Learned a level 2 spell: Blink
  5042 | Temple   | Entered the Ecumenical Temple
  5060 | Temple   | Became a worshipper of Cheibriados the Contemplative
  5105 | D:5      | Found a sacrificial altar of Ru.
  5289 | D:5      | Reached skill level 6 in Alchemy
  5292 | D:5      | Reached skill level 1 in Invocations
  5653 | D:5      | Reached skill level 3 in Invocations
  5713 | D:5      | Reached XP level 8. HP: 54/62 MP: 1/14
  5715 | D:5      | Reached * piety under Cheibriados
  5933 | D:5      | Found an ancient bone altar of Kikubaaqudgha.
  6411 | D:6      | Reached skill level 6 in Invocations
  6883 | D:6      | Noticed Pikel
  6889 | D:6      | Killed Pikel
  6890 | D:6      | Reached skill level 9 in Invocations
  6890 | D:6      | Reached XP level 9. HP: 48/69 MP: 4/15
  6929 | D:6      | Reached skill level 1 in Fighting
  7001 | D:6      | Noticed Menkaure
  7006 | D:6      | Killed Menkaure
  7458 | D:6      | Found a broken altar of Ashenzari.
  7757 | D:7      | Reached skill level 3 in Dodging
  7911 | D:7      | Reached skill level 3 in Fighting
  7914 | D:7      | Reached ** piety under Cheibriados
  7915 | D:7      | Reached skill level 6 in Stealth
  8282 | D:7      | Found a glowing golden altar of the Shining One.
  8289 | D:7      | Found a glowing silver altar of Zin.
  8289 | D:7      | Found a white marble altar of Elyvilon.
  8915 | D:8      | Reached XP level 10. HP: 85/85 MP: 11/16
  9001 | D:8      | Found a flagged portal.
  9009 | Bailey   | Entered a bailey
  9092 | Bailey   | Reached *** piety under Cheibriados
  9302 | Bailey   | Reached skill level 6 in Fighting
  9331 | Bailey   | Noticed an orc knight
  9339 | Bailey   | Killed an orc knight
  9862 | D:8      | Found a hide-covered altar of Uskayaw.
  9882 | D:8      | Reached **** piety under Cheibriados
 10473 | D:8      | Found an ornate altar of the Wu Jian Council.
 10730 | D:9      | Reached skill level 1 in Evocations
 10824 | D:9      | Reached skill level 1 in Ice Magic
 11128 | D:9      | Noticed a two-headed ogre
 11138 | D:9      | Killed a two-headed ogre
 11139 | D:9      | Reached XP level 11. HP: 70/103 MP: 4/18
 11240 | D:9      | Found a burning altar of Makhleb.
 11332 | D:9      | Reached skill level 3 in Evocations
 11338 | D:9      | Reached skill level 3 in Ice Magic
 11464 | D:9      | Noticed a two-headed ogre
 11474 | D:9      | Killed a two-headed ogre
 11955 | D:10     | Entered Level 10 of the Dungeon
 11967 | D:10     | Noticed a soul eater
 11972 | D:10     | Noticed a sun demon
 12322 | D:10     | Noticed Maggie
 12332 | D:10     | Killed Maggie
 12432 | D:10     | Noticed Snorg
 12441 | D:10     | Killed Snorg
 12445 | D:10     | Reached skill level 6 in Spellcasting
 12668 | D:10     | Found Pamops's Book Emporium.
 12820 | D:10     | Identified the orb "Lyost" {guile, rF+}
 12872 | D:10     | Learned a level 5 spell: Freezing Cloud
 12913 | D:11     | Reached ***** piety under Cheibriados
 13004 | D:11     | Noticed a cyclops
 13013 | D:11     | Killed a cyclops
 13116 | D:11     | Found a portal to a secret trove of treasure.
 13151 | D:11     | Reached skill level 9 in Alchemy
 13250 | D:11     | Noticed Lodul
 13261 | D:11     | HP: 4/103 [ogre/+0 giant spiked club[Lodul] (28)]
 13265 | D:11     | Killed Lodul
 13266 | D:11     | Reached XP level 12. HP: 34/110 MP: 3/22
 13271 | D:11     | HP: 1/110 [ogre/+0 giant club[Lodul] (20)]
 14336 | D:11     | Found a staircase to the Lair.
 14483 | D:11     | Identified the +5 ring mail of the Frog {rN+++ Str+2 Int-5
                  | Stlth+}
 14886 | D:12     | Found a staircase to the Orcish Mines.
 15167 | D:12     | Noticed a two-headed ogre
 15172 | D:12     | Killed a two-headed ogre
 15552 | Lair:1   | Entered Level 1 of the Lair of Beasts
 15583 | Lair:1   | Noticed a six-headed hydra
 15634 | Lair:1   | Noticed a seven-headed hydra
 15641 | Lair:1   | Killed a seven-headed hydra
 15658 | Lair:1   | Killed a six-headed hydra
 16045 | Lair:1   | Reached skill level 6 in Air Magic
 16049 | Lair:1   | Reached skill level 6 in Conjurations
 16578 | Lair:1   | Reached ****** piety under Cheibriados
 16698 | Lair:1   | Noticed a catoblepas
 16698 | Lair:1   | Noticed a catoblepas
 16718 | Lair:1   | Found a runed translucent door.
 17080 | Lair:2   | Noticed a six-headed hydra
 17087 | Lair:2   | Killed a six-headed hydra
 17599 | Lair:2   | Noticed a four-headed hydra
 17605 | Lair:2   | Killed a four-headed hydra
 17606 | Lair:2   | Gained mutation: You can use your snake-like lower body to
                  | constrict enemies. [Naga growth]
 17606 | Lair:2   | Reached XP level 13. HP: 85/117 MP: 15/25
 19090 | Lair:3   | Found a staircase to the Snake Pit.
 19449 | Lair:3   | Reached skill level 9 in Conjurations
 19449 | Lair:3   | Reached skill level 9 in Air Magic
 20233 | Lair:3   | Found a staircase to the Swamp.
 21051 | Lair:4   | Reached skill level 1 in Fire Magic
 21176 | Lair:4   | Reached skill level 3 in Fire Magic
 21460 | Lair:4   | Reached XP level 14. HP: 120/126 MP: 2/26
 21467 | Lair:4   | Reached skill level 6 in Fire Magic
 23005 | Lair:5   | Entered Level 5 of the Lair of Beasts
 23167 | Lair:5   | Found a staircase to the Slime Pits.
 23412 | Lair:5   | Reached skill level 9 in Fire Magic
 24223 | Lair:5   | Reached skill level 1 in Armour
 24383 | Lair:5   | Noticed an azure jelly
 24394 | Lair:5   | Killed an azure jelly
 25064 | Lair:5   | Learned a level 6 spell: Plasma Beam
 25070 | Lair:5   | Learned a level 5 spell: Arcjolt
 25366 | Lair:5   | Reached skill level 3 in Armour
 25368 | Lair:5   | Reached skill level 9 in Fighting
 25847 | Lair:5   | Reached skill level 9 in Spellcasting
 26095 | Lair:5   | Identified the +0 leather armour of Qafewib {Str-2 Int+7
                  | SInv}
 26102 | Lair:5   | Reached XP level 15. HP: 105/135 MP: 11/28
 26848 | Lair:5   | Found a corrupted altar of Lugonu.
 26848 | Lair:5   | Found a one-way gate to the infinite horrors of the Abyss.
 27202 | Orc:1    | Entered Level 1 of the Orcish Mines
 27341 | Orc:1    | Found Kumarcho's Magic Scroll Boutique.
 27351 | Orc:1    | Bought a scroll of teleportation for 42 gold pieces
 27351 | Orc:1    | Bought a scroll of teleportation for 42 gold pieces
 27713 | Orc:1    | Noticed an orc warlord
 27717 | Orc:1    | Killed an orc warlord
 27886 | Orc:1    | Noticed Harold
 27891 | Orc:1    | Killed Harold
 28277 | Orc:2    | Entered Level 2 of the Orcish Mines
 28659 | Orc:2    | Found Nobajubb's Magic Scroll Shop.
 28813 | Orc:2    | Found Gijen's General Store.
 29097 | Orc:2    | Bought a scroll of fear for 56 gold pieces
 29097 | Orc:2    | Bought a scroll of teleportation for 42 gold pieces
 29097 | Orc:2    | Bought a scroll of summoning for 133 gold pieces
 29099 | Orc:2    | Bought a scroll of fear for 68 gold pieces
 29433 | Orc:2    | Found a staircase to the Elven Halls.
 29777 | Orc:2    | Found a shimmering blue altar of Sif Muna.
 29792 | Orc:2    | Got Sif Muna's Octavo of Glaciation
 30485 | Orc:2    | Paralysed by an orc sorcerer for 2 turns
 30849 | Orc:2    | Found Fesuijae's Book Emporium.
 30849 | Orc:2    | Found Madwajyt's Antique Armour Shoppe.
 30888 | Orc:2    | Found a one-way gate leading to the halls of Pandemonium.
 31194 | D:3      | Bought the amulet "Faah" {RegenMP ^Drain rElec SInv Stlth+}
                  | for 499 gold pieces
 32357 | D:14     | Reached skill level 12 in Fighting
 32414 | D:14     | Reached XP level 16. HP: 140/152 MP: 25/31
 32534 | D:14     | Noticed Azrael
 32540 | D:14     | Killed Azrael
 33229 | D:14     | Noticed Josephine
 33237 | D:14     | Killed Josephine
 33598 | D:14     | Reached skill level 12 in Spellcasting
 33757 | D:14     | Found a shadowy altar of Dithmenos.
 33961 | D:14     | Found a gate to the Vaults.
 34102 | D:15     | Entered Level 15 of the Dungeon
 35063 | D:15     | Found a staircase to the Depths.
 35621 | Lair:1   | Identified the +10 trident "Xaucs" {speed, ^Contam Str+3
                  | Int+3}
 35624 | Lair:1   | Identified the amulet of Buseuqio {Faith rC+ Regen+ Str-2
                  | Dex+4}
 35757 | Swamp:1  | Entered Level 1 of the Swamp
 35953 | Swamp:1  | HP: 4/158 [eight-headed hydra (10)]
 37052 | Swamp:2  | Reached skill level 1 in Translocations
 37365 | Swamp:2  | Reached XP level 17. HP: 111/166 MP: 21/34
 37523 | Swamp:2  | Reached skill level 3 in Translocations
 37988 | Swamp:2  | Identified the +4 battleaxe of Fisseataed {freeze, Fly}
 38180 | Swamp:3  | Paralysed by a fenstrider witch for 2 turns
 38731 | Swamp:3  | Noticed a tentacled monstrosity
 38744 | Swamp:3  | Killed a tentacled monstrosity
 38745 | Swamp:3  | Reached skill level 15 in Fighting
 39081 | Swamp:3  | Found a runed translucent door.
 39719 | Swamp:4  | Entered Level 4 of the Swamp
 39733 | Swamp:4  | Reached skill level 1 in Shields
 40187 | Swamp:4  | Reached skill level 3 in Shields
 40193 | Swamp:4  | Reached skill level 15 in Spellcasting
 41044 | Swamp:4  | Noticed Donald
 41045 | Swamp:4  | Killed Donald
 41200 | Swamp:4  | Noticed Louise
 41202 | Swamp:4  | Killed Louise
 41352 | Swamp:4  | Reached skill level 6 in Shields
 41371 | Swamp:4  | Reached XP level 18. HP: 119/178 MP: 0/37
 41375 | Swamp:4  | Noticed a bone dragon
 41391 | Swamp:4  | Killed a bone dragon
 41827 | Swamp:4  | Got a decaying rune of Zot
 42024 | Lair:3   | Reached XP level 19. HP: 186/186 MP: 38/38
 42054 | Snake:1  | Entered Level 1 of the Snake Pit
 42112 | Snake:1  | Noticed Rupert
 42114 | Snake:1  | Killed Rupert
 42129 | Snake:1  | Reached skill level 9 in Shields
 44238 | Snake:2  | Found Hewi's Book Shop.
 44511 | Snake:2  | You fall into a shaft and drop 1 floor!
 45348 | Snake:3  | Reached skill level 12 in Shields
 46013 | Snake:3  | Found a basalt altar of Yredelemnul.
 46716 | Snake:4  | Entered Level 4 of the Snake Pit
 46832 | Snake:4  | Identified the serpent talisman "Ugosyq" {MP+9 Int+4 SInv}
 46832 | Snake:4  | Noticed Aizul
 46834 | Snake:4  | Found a flickering gateway to a bazaar.
 46845 | Snake:4  | Killed Aizul
 46853 | Bazaar   | Entered a bazaar
 47178 | Bazaar   | Found Caboen's Weapon Shoppe.
 47193 | Bazaar   | Found Coabod's Assorted Antiques.
 47193 | Bazaar   | Found Poomnuer's Magic Scroll Emporium.
 47198 | Bazaar   | Bought a potion of curing for 72 gold pieces
 47198 | Bazaar   | Bought a potion of curing for 72 gold pieces
 47204 | Bazaar   | Bought a scroll of teleportation for 30 gold pieces
 47214 | Bazaar   | Found Zomeosao's Antique Armour Shoppe.
 47249 | Bazaar   | Bought an ichor-stained orb for 238 gold pieces
 47249 | Bazaar   | Identified the orb of the Poles {*channel, Dex+5} (You
                  | bought it in a shop in a bazaar)
 47265 | Bazaar   | Bought a scroll of enchant weapon for 75 gold pieces
 47265 | Bazaar   | Bought a scroll of enchant weapon for 75 gold pieces
 47271 | Bazaar   | Bought a scroll of enchant weapon for 180 gold pieces
 47403 | Snake:4  | Identified the +1 leather armour "Hobraiwo" {rPois rF+
                  | Stlth+}
 47985 | Snake:4  | Reached XP level 20. HP: 191/194 MP: 17/39
 48616 | Snake:4  | Noticed Vashnia
 48626 | Snake:4  | Killed Vashnia
 49369 | Snake:4  | Got a serpentine rune of Zot
 49985 | Elf:1    | Entered Level 1 of the Elven Halls
 49990 | Elf:1    | Reached skill level 12 in Invocations
 50003 | Elf:1    | Paralysed by an orc sorcerer for 4 turns
 50648 | Elf:1    | Got Sif Muna's Book of Axaxaxas mlö
 50663 | Elf:1    | Got the Handbook of Sand
 50670 | Elf:1    | Got the Secrets of Combed Thunderclap
 50713 | Elf:1    | You fall into a shaft and drop 1 floor!
 50713 | Elf:2    | Found Kuarutuk's Book Shop.
 50713 | Elf:2    | Found Koisy's Jewellery Emporium.
 50713 | Elf:2    | Found Ugur's Book Shop.
 51379 | Elf:1    | Noticed Norris
 51386 | Elf:1    | Killed Norris
 51441 | Elf:1    | Identified the +4 hand axe of Wondrous Power {protect, rC+}
 52980 | Elf:2    | Found Tiomipni's Armour Emporium.
 53024 | Elf:2    | Reached skill level 1 in Earth Magic
 53184 | Elf:2    | Learned a level 6 spell: Bombard
 53333 | Elf:2    | Found a runed translucent gate.
 53334 | Elf:2    | Found a runed translucent gate.
 53334 | Elf:2    | Found a runed translucent gate.
 53389 | Elf:3    | Entered Level 3 of the Elven Halls
 53572 | Elf:3    | Found Oplodev's Assorted Antiques.
 53598 | Elf:3    | Reached XP level 21. HP: 201/201 MP: 36/42
 53614 | Elf:3    | Found Kemoti's Distillery.
 53614 | Elf:3    | Found Nome's Armour Boutique.
 53617 | Elf:3    | Found Unwi's Book Boutique.
 53620 | Elf:3    | Bought a potion of heal wounds for 95 gold pieces
 53620 | Elf:3    | Bought a potion of heal wounds for 95 gold pieces
 53620 | Elf:3    | Bought a potion of curing for 57 gold pieces
 53696 | Elf:3    | Found an ancient bone altar of Kikubaaqudgha.
 53927 | Elf:3    | Reached skill level 3 in Earth Magic
 54152 | Elf:3    | Identified the +1 leather armour "Nirots" {-Tele rF+ Regen+
                  | Int+6}
 54212 | Elf:3    | Found Luiqaqie's Antique Armour Emporium.
 54860 | Elf:3    | Identified the amulet of Xom's Full Attention {rPois
                  | Regen+}
 55523 | Elf:3    | Reached skill level 18 in Spellcasting
 55528 | Elf:3    | Reached skill level 6 in Earth Magic
 55535 | Elf:3    | Identified the +1 falchion "Dragonslayer" {pain, rF+ Str+3
                  | Int-3}
 56320 | Elf:3    | Got the Parchment of Substances and Sparks
 56322 | Elf:3    | Identified the +1 cloak of Inference {*Corrode rElec MP+9
                  | Int+7}
 56359 | Elf:3    | Got the Catalogue of the Swarm
 56365 | Elf:3    | Got Ofazuz's Annotations on Flaming Resurrection
 56368 | Elf:3    | Identified the staff of Gaekesho {rElec rCorr MP-9 Int+3
                  | Conj}
 57529 | D:3      | Bought a scroll of summoning for 323 gold pieces
 57714 | Vaults:1 | Entered Level 1 of the Vaults
 57912 | Vaults:1 | Noticed Boris
 57915 | Vaults:1 | Killed Boris
 58399 | Vaults:1 | Reached skill level 12 in Conjurations
 58406 | Vaults:1 | Reached skill level 12 in Air Magic
 58464 | Vaults:1 | Identified the +4 hand axe "Venag" {freeze, ^Contam rPois
                  | Int+8}
 58492 | Vaults:1 | Reached XP level 22. HP: 107/210 MP: 12/44
 59767 | Vaults:1 | Found Qeinul's Book Shoppe.
 60163 | Vaults:2 | Paralysed by a sphinx for 5 turns
 61036 | Vaults:2 | Identified the +0 hand axe of the Shining Light {freeze,
                  | rPois rN++}
 62049 | Vaults:2 | Found a staircase to the Crypt.
 62354 | Vaults:2 | Found Deloim's Weapon Emporium.
 62586 | Vaults:2 | Learned a level 7 spell: Spellforged Servitor
 62739 | Vaults:3 | Reached skill level 1 in Summonings
 62862 | Vaults:3 | Reached skill level 3 in Summonings
 62870 | Vaults:3 | Reached XP level 23. HP: 203/217 MP: 16/45
 62890 | Vaults:3 | Reached skill level 15 in Conjurations
 62890 | Vaults:3 | Reached skill level 15 in Air Magic
 63874 | Vaults:3 | Reached skill level 6 in Summonings
 65533 | Vaults:4 | Identified the +2 battleaxe of Spores {antimagic, rElec
                  | Int+2}
 65699 | Vaults:4 | Identified the amulet "Fethorch" {Spirit Stlth+}
 65855 | Vaults:4 | Found Vofue's General Store.
 66416 | Vaults:4 | Learned a level 8 spell: Ignition
 66425 | Vaults:4 | Learned a level 8 spell: Lehudib's Crystal Spear
 66601 | Depths:1 | Entered Level 1 of the Depths
 66743 | Depths:1 | Reached skill level 9 in Summonings
 66836 | Depths:1 | Found a gateway to Hell.
 67451 | Depths:1 | Reached XP level 24. HP: 144/225 MP: 1/45
 67762 | Depths:1 | Noticed Mara
 67766 | Depths:1 | Noticed Sorkhos's illusion
 67779 | Depths:1 | Killed Mara
 68139 | Depths:2 | Noticed Asterion
 68148 | Depths:2 | Killed Asterion
 68466 | Depths:1 | Learned a level 9 spell: Chain Lightning
 68771 | Depths:2 | Noticed a caustic shrike
 68773 | Depths:2 | Killed a caustic shrike
 68977 | Depths:2 | Found a runed translucent gate.
 68977 | Depths:2 | Found a runed translucent gate.
 68978 | Depths:2 | Found a runed translucent gate.
 68978 | Depths:2 | Identified the +4 ring mail of Recklessness {Regen+ Str-3
                  | SInv}
 68979 | Depths:2 | Noticed ILmort's ghost (veteran MfIE)
 69384 | Depths:2 | Identified the +6 rapier "Killer Klown's Peril" {elec,
                  | Will+ Int+2 SInv}
 70019 | Depths:2 | Killed ILmort's ghost
 70074 | Depths:2 | Identified the +1 pair of gloves "Vojipi Diu" {rElec Int+4}
 70144 | Depths:3 | Noticed Vv
 70150 | Depths:3 | Killed Vv
 70311 | Depths:3 | Identified the +5 rapier "Hydrabane" {distort, *Corrode
                  | Int+6}
 70771 | Depths:3 | Found the +4 robe of Folly {Brill Will-∞ Int+8}
 71174 | Depths:3 | Reached skill level 18 in Conjurations
 71174 | Depths:3 | Reached skill level 18 in Air Magic
 71377 | Depths:4 | Entered Level 4 of the Depths
 71383 | Depths:4 | Noticed a caustic shrike
 71383 | Depths:4 | Noticed a caustic shrike
 71384 | Depths:4 | Noticed a caustic shrike
 71385 | Depths:4 | Killed a caustic shrike
 71385 | Depths:4 | Killed a caustic shrike
 71385 | Depths:4 | Killed a caustic shrike
 71385 | Depths:4 | Noticed a caustic shrike
 71393 | Depths:4 | Killed a caustic shrike
 71509 | Depths:4 | Reached skill level 1 in Necromancy
 71637 | Depths:4 | Reached skill level 3 in Necromancy
 71637 | Depths:4 | Reached XP level 25. HP: 144/232 MP: 4/45
 72378 | Depths:4 | Identified the +0 dagger "Umaxka" {pain, Str-3 Int+5 SInv}
 72461 | Depths:4 | Identified the +6 scale mail of Sianligo {^Contam rF+ Str+2
                  | Int+6}
 72639 | Depths:4 | Noticed a juggernaut
 72643 | Depths:4 | Killed a juggernaut
 72831 | Depths:4 | Found a one-way gateway to a ziggurat.
 72913 | Depths:4 | Found a gate to the Realm of Zot.
 73090 | Depths:4 | Upgraded the game from 0.32-a0-131-g9dbbe29261 to
                  | 0.32-a0-132-g2d33c3cfaf
 73392 | Slime:1  | Entered Level 1 of the Pits of Slime
 74203 | D:10     | Bought a book of Transmutation for 420 gold pieces
 74206 | D:10     | Learned a level 2 spell: Sublimation of Blood
 75931 | Slime:5  | Entered Level 5 of the Pits of Slime
 75961 | Slime:5  | Gained mutation: Your spells are a little easier to cast,
                  | but a little less powerful. [a shining eye]
 75968 | Slime:5  | Reached skill level 9 in Earth Magic
 75969 | Slime:5  | Noticed the Royal Jelly
 76341 | Slime:5  | Found the +7 Spriggan's Knife {stab, EV+4 Stlth+}
 76343 | Slime:5  | Found the sphere of Battle
 76942 | Slime:5  | Killed the Royal Jelly
 77163 | Slime:5  | Got a slimy rune of Zot
 77165 | Slime:5  | Identified the ring "Jisicut" {rF+ rN++ Int-5 Stlth+}
 77168 | Slime:5  | Identified the +0 plate armour of Wonder {rN++ Will+}
 77392 | Slime:5  | Identified the +3 mace of Ocamatrekaj {freeze, *Corrode
                  | rF++ Int+3}
 77395 | Slime:5  | Identified the ring of the Enemy {Fly rC++ Str-4 Dex+4
                  | Slay+3}
 77454 | Slime:5  | Identified the ring "Wyost" {Ice rElec rPois Will-}
 77455 | Slime:5  | Identified the amulet of Makhleb's Favour {Spirit ^Drain
                  | Regen+ Str+2 Dex+4}
 77850 | Crypt:1  | Entered Level 1 of the Crypt
 78034 | Crypt:1  | Reached XP level 26. HP: 242/242 MP: 33/45
 78034 | Crypt:1  | Found a basalt altar of Yredelemnul.
 78500 | Crypt:1  | Identified the orb of Dust Devil {mayhem, Rampage rElec
                  | rC-}
 79102 | Crypt:2  | Reached skill level 6 in Dodging
 79338 | Crypt:2  | Found a transporter.
 79349 | Crypt:2  | Noticed Xtahua
 79355 | Crypt:2  | Killed Xtahua
 79753 | Crypt:2  | Found a transporter.
 80362 | Crypt:2  | Noticed an ancient lich
 80363 | Crypt:2  | Noticed an ancient lich
 80373 | Crypt:2  | Gained mutation: Your spells are easier to cast, but less
                  | powerful. [a cacodemon]
 80375 | Crypt:2  | Killed an ancient lich
 80377 | Crypt:2  | Killed an ancient lich
 80773 | Crypt:2  | Identified the +2 pair of gloves of the Devil {Harm +Inv
                  | rElec Str-3}
 80797 | Crypt:2  | Identified the amulet "Azophi" {Acrobat rN+}
 80815 | Crypt:2  | Identified the amulet "Fuosoff" {RegenMP Rampage rElec}
 80868 | Crypt:3  | Entered Level 3 of the Crypt
 81467 | Crypt:3  | Noticed an ancient lich
 81686 | Crypt:3  | Found a staircase to the Tomb.
 82232 | Crypt:3  | Noticed an ancient lich
 82232 | Crypt:3  | Noticed an ancient lich
 82262 | Crypt:3  | Killed an ancient lich
 82298 | Crypt:3  | Killed an ancient lich
 82298 | Crypt:3  | Killed an ancient lich
 82324 | Crypt:3  | Got the Quarto of the Autopsy
 82327 | Crypt:3  | Identified the +3 glaive of Day {drain, Str+6 Dex-5}
 82329 | Crypt:3  | Got Sif Muna's Octavo of the Tundra
 82334 | Crypt:3  | Identified the orb of Retraj {light, Str+2 Alchemy}
 82335 | Crypt:3  | Identified the ring "Jiti" {^Contam rC- Int+6 Slay+5
                  | Stlth+}
 82340 | Crypt:3  | Identified the ring of Lamat {rPois rN+}
 82340 | Crypt:3  | Identified the ring of Mupp {rF+ rN+ rCorr Str+3 SInv}
 82340 | Crypt:3  | Identified the ring "Kiclif" {rN+ Dex+2 SInv}
 82574 | Vaults:5 | Entered Level 5 of the Vaults
 82574 | Vaults:5 | Noticed an ancient lich
 82576 | Vaults:5 | Reached skill level 9 in Dodging
 82578 | Vaults:5 | Reached XP level 27. HP: 208/259 MP: 32/45
 82579 | Vaults:5 | Killed an ancient lich
 82708 | Vaults:5 | Noticed Mennas
 82709 | Vaults:5 | Reached skill level 18 in Fighting
 83042 | Vaults:5 | Noticed Saint Roka
 83050 | Vaults:5 | Killed Saint Roka
 83838 | Vaults:5 | Reached skill level 6 in Armour
 83930 | Vaults:5 | Identified the +1 robe "Cuamol" {Str+3 Int+3 Archmagi}
 84702 | Vaults:5 | Got the Book of Compounds and Spooky Action
 84795 | Vaults:5 | Got a silver rune of Zot
 84804 | Vaults:5 | Identified the staff of Bread {*Corrode rN+ Will++ Str+3
                  | Earth}
 84808 | Vaults:5 | Identified the +0 ring mail of Juvuonk {+Blink rElec rN+
                  | Stlth-}
 84836 | Vaults:5 | HP: 5/245 [shadow dragon/bolt of negative energy (30)]
 84836 | Vaults:5 | Slain by a shadow dragon

Illustrated notes

Levels and vault maps discovered:
D:1:      grunt_arrival_crossed_arrows, layout_loops_ring
D:2:      layout_basic
D:3:      layout_basic, serial_shops, shop, nicolae_shop_tiny_waterfront,
          nicolae_shop_trees, minivault_25, kennysheep_crisscross, uniq_natasha
D:4:      layout_loops_ring, temple_pool_b, gup_sewer_entry_bowl
D:5:      cheibrodos_helix_gallery, layout_basic, kiku_gazebo_garden_becter,
          mainiacjoe_overflow_catwalk
D:6:      layout_cave_pools, kennysheep_little_box, uniq_pikel, uniq_menkaure
D:7:      layout_cave_pools, dreamdust_divine_triumvirate, minmay_nine_imps
D:8:      layout_basic, marbit_many_paths, eat_drink_and_be_merry_uskayaw,
          enter_bailey_2
D:9:      layout_cave_pools, lightli_temple_of_fire, minmay_misc_feat_pillars,
          grunt_ogre_cave
D:10:     layout_rooms, serial_shops, shop, uniq_maggie, uniq_snorg
D:11:     layout_basic, erik_lair_island, enter_trove_1,
          chequers_serial_rivers_micro_b, minivault_7, uniq_lodul
D:12:     layout_rooms, orc_0_dummy
D:13:     layout_rooms, lightli_corner_chamber
D:14:     layout_loops_cross, hangedman_vaults_entry_quadrant_bands,
          serial_bayou_pond_e, grunt_dithmenos_shadows, uniq_josephine,
          uniq_azrael
D:15:     hellmonk_depths_entry_around_the_bend, layout_irregular_city,
          nicolae_sextant
Temple:   nicolae_temple_ecumenical_triangle
Lair:1:   gammafunk_lair_enchanted_lake, layout_chaotic_city,
          infiniplex_staircase_pool_2, lemuel_fruit_tree
Lair:2:   layout_misc_corridors, gammafunk_lair_bear_cave
Lair:3:   layout_layer_cave, mainiacjoe_swamp_entry_angry_trees,
          guppyfry_snake_entry_garden, nicolae_lair_lindhole
Lair:4:   layout_roguey, disabler_island
Lair:5:   hellmonk_lair_end_abyssal_woods, layout_small_grid, slime_entry_1,
          nicolae_lair_time_for_slime, serial_bayou_shore_b
Swamp:1:  layout_falls_marsh, serial_swamp_ruin, evilmike_swamp_ruin_house_1,
          evilmike_swamp_ruin_rubble_1, swamp_pool_5,
          nicolae_swamp_decorative_isthmus
Swamp:2:  layout_basic_swamp, evilmike_swamp_ruin_house_6
Swamp:3:  gammafunk_mikee_crab_dinner, layout_basic_swamp,
          nicolae_swamp_dense_foliage, swamp_pool_4
Swamp:4:  swamp_pestilence, layout_basic_swamp, uniq_louise, uniq_donald
Snake:1:  layout_honeycomb, st_stairs_3, drop_trap, nicolae_snake_mages_go_home,
          uniq_rupert
Snake:2:  layout_basic, serial_shops, nicolae_shop_back_alley_shop,
          nicolae_snake_gridmaze_spiral
Snake:3:  layout_misc_corridors, serial_shops, statue_bzr, basic_altar,
          drop_trap, guppyfry_snake_island, grunt_megastairs_2
Snake:4:  johnstein_snake_rune_scales, layout_misc_corridors, serial_shops,
          bzr_entry_lakeside, nicolae_zig_zag_zippers, uniq_aizul
Slime:1:  layout_caves
Slime:2:  layout_caves, nicolae_slime_welcoming_committee
Slime:3:  layout_caves, cheibrodos_slime_lost_civilization_4
Slime:4:  layout_caves
Slime:5:  slime_pit_nicolae_inversion
Orc:1:    layout_caves, serial_shops, nicolae_shop_advertising_works
          [nicolae_subvault_shop_adworks], abandoned_shop,
          regret_index_minedec_devilstone, uniq_harold
Orc:2:    pf_orc_diabolical, layout_caves, led_sif_book
Elf:1:    nicolae_elf_arrival_no_cutting_in_line, layout_geoelf_diagonals,
          nicolae_elf_crossing_hall, grunt_ministairs_9,
          bh_hangedman_babel_library, uniq_norris
Elf:2:    nicolae_elf_blades_crystal_corner, layout_geoelf_octagon,
          serial_shops, shop, minmay_shop_grove
Elf:3:    minmay_elf_hall_statues, layout_geoelf_castle, basic_altar,
          serial_shops, nicolae_shop_overgrown_old_shop, minmay_shoptagon
Vaults:1: nicolae_vaults_trapezoid_lopsided_1, hangedman_vaults_capsules,
          nicolae_vaults_meiosis, nicolae_vaults_network_s, v_alt_pattern_1,
          nicolae_vaults_little_squares_5, nicolae_vaults_trapezoid_lopsided_3,
          nicolae_vaults_theta, nicolae_vaults_tetromino_Z_1, vaults_room_pool,
          vaults_dpeg_emergency_exit, nicolae_vaults_six-pack,
          nicolae_vaults_six-pack, layout_vaults_big_room, serial_shops, shop,
          uniq_boris
Vaults:2: nicolae_vaults_disappearing_quadrants, v_misc_16,
          minmay_crypt_entry_simple_corners, grunt_vaults_hallway_short,
          nicolae_vaults_tetromino_L_1, nicolae_vaults_turnstiles,
          vaults_standard_mumra_x, nicolae_vaults_trapezoid_4,
          nicolae_vaults_variable_pillar_hall, nicolae_vaults_oval_intersection,
          v_misc_30, v_misc_30, nicolae_vaults_trapezoid_3,
          nicolae_vaults_heart-shaped_vault, nicolae_vaults_sealed_display,
          v_misc_24, layout_vaults_omnicross, serial_shops,
          nicolae_shop_pleasant_corner_grove
Vaults:3: grunt_vaults_hallway_short, vaults_room_large_hall,
          hangedman_vaults_cutoff, hangedman_vaults_nails, vaults_dpeg_cross,
          hangedman_vaults_cutoff, nicolae_vaults_wrenched, v_misc_32,
          ontoclasm_vaults_eye, nicolae_vaults_double_plus_2, v_misc_23,
          grunt_vaults_hallway_short, nicolae_vaults_tangram_1,
          nicolae_vaults_hallways_thing, layout_vaults_omnibox
Vaults:4: nicolae_vaults_shipping_containers_5, nicolae_vaults_network_barrier,
          grunt_vaults_twisty, nicolae_vaults_theta, layout_vaults_omnigrid,
          serial_shops, nicolae_shop_hallway_plus, uniq_margery
Vaults:5: uniq_saint_roka, uniq_mennas
Crypt:1:  layout_gridlike, lemuel_hellish_altar, grunt_crypt_arrival_webbed,
          grunt_megastairs_3
Crypt:2:  gammafunk_dig_for_victory, layout_gridlike,
          nicolae_crypts_crumbling_nooks, uniq_xtahua
Crypt:3:  david_glass_crypt, layout_gridlike, nicolae_tomb_entry_rubble_hallway
Depths:1: layout_gridville, hell_entry, moated_statue,
          hangedman_abyss_entry_splay, lemuel_old_faithful,
          serial_bayou_shore_b, grunt_megastairs_1, serial_bayou_shore_b,
          uniq_mara
Depths:2: minmay_expanding_squares, layout_cross, gammafunk_ghost_tricky_traps,
          rand_demon_pan_entry_8, abyss_entry, hangedman_decor_opposing,
          hell_entry, uniq_asterion
Depths:3: nicolae_hitomezashi [nicolae_hito_row, nicolae_hito_row,
          nicolae_hito_row, nicolae_hito_row, nicolae_hito_row,
          nicolae_hito_row, nicolae_hito_row, nicolae_hito_row,
          nicolae_hito_row, nicolae_hito_row, nicolae_hito_row,
          nicolae_hito_row, nicolae_hito_row, nicolae_hito_row,
          nicolae_hito_row, nicolae_hito_row, nicolae_hito_row,
          nicolae_hito_row], layout_basic, lightli_too_deep, abyss_entry,
          serial_bayou_lagoon_a, infiniplex_staircase_pillars_2, uniq_vv
Depths:4: grunt_zot_entry_alcove, layout_cave_shapes, enter_ziggurat_a,
          minivault_14, hangedman_coc_ice_floe, grunt_megastairs_4

Skill      XL: |  1  2  3  4  5  6  7  8  9 10 11 12 13 14 15 16 17 18 19 20 21 22 23 24 25 26 27 |
---------------+----------------------------------------------------------------------------------+-----
Air Magic      | 1 2 3 4 7 10 12 14 16 18 19 | 19.0
Alchemy        | 4 5 6 7 9 10 | 10.0
Conjurations   | 2 3 4 7 10 12 14 16 18 19 | 19.0
Spellcasting   | 3 4 7 8 9 11 13 15 17 18 | 18.0
Invocations    | 3 9 10 14 | 14.0
Fighting       | 4 8 9 12 14 15 17 19 | 19.0
Dodging        | 3 4 5 9 10 | 10.0
Stealth        | 7 8 |  8.0
Evocations     | 2 4 |  4.0
Ice Magic      | 2 5 |  5.0
Fire Magic     | 5 10 | 10.0
Armour         | 3 4 6 |  6.8
Translocations | 2 4 |  4.0
Shields        | 6 8 12 14 | 14.0
Earth Magic    | 2 6 10 11 | 11.8
Summonings     | 3 10 | 10.0
Necromancy     | 3 5 |  5.0
Shapeshifting  | |  0.2

Action                     |  1- 3 |  4- 6 |  7- 9 | 10-12 | 13-15 | 16-18 | 19-21 | 22-24 | 25-27 || total
---------------------------+-------+-------+-------+-------+-------+-------+-------+-------+-------++-------
  Melee: Unarmed           |     4 |       |       |       |       |       |       |       |       ||     4
         Short sword       |     7 |    66 |    12 |       |       |       |       |       |       ||    85
         Punch             |       |     5 |     2 |     8 |    10 |       |       |       |       ||    25
         Dagger            |       |       |    18 |    86 |   154 |    84 |   149 |       |       ||   491
         Constrict         |       |       |       |       |    41 |    13 |    47 |    24 |     7 ||   132
         Staff             |       |       |       |       |       |       |    13 |       |       ||    13
         Hand axe          |       |       |       |       |       |       |       |    81 |    48 ||   129
   Cast: Sting             |    43 |    83 |   151 |   162 |   254 |    17 |       |       |       ||   710
         Olgreb's Toxic Ra |       |    11 |    38 |    99 |   133 |    40 |   121 |    24 |       ||   466
         Mephitic Cloud    |       |     1 |       |    10 |       |       |       |       |       ||    11
         Freezing Cloud    |       |       |       |    23 |   140 |    51 |   141 |    51 |       ||   406
         Blink             |       |       |       |       |     1 |     3 |     1 |       |       ||     5
         Plasma Beam       |       |       |       |       |    38 |   195 |   389 |   407 |    34 ||  1063
         Arcjolt           |       |       |       |       |     7 |    33 |    28 |    31 |       ||    99
         Bombard           |       |       |       |       |       |       |    49 |     7 |     4 ||    60
         Spellforged Servi |       |       |       |       |       |       |       |    60 |    50 ||   110
         Ignition          |       |       |       |       |       |       |       |     1 |    61 ||    62
         Chain Lightning   |       |       |       |       |       |       |       |    26 |   192 ||   218
         Lehudib's Crystal |       |       |       |       |       |       |       |     5 |    52 ||    57
         Sublimation of Bl |       |       |       |       |       |       |       |       |    14 ||    14
 Invoke: Slouch            |       |       |       |       |       |     1 |     6 |     5 |     5 ||    17
         Step From Time    |       |       |       |       |       |       |     1 |     1 |       ||     2
Ability: Spit Poison       |    13 |    12 |    12 |    33 |    14 |     1 |     5 |     1 |       ||    91
  Evoke: Wand              |       |       |    25 |     6 |     1 |     6 |    16 |     1 |     8 ||    63
         Sack of spiders   |       |       |       |       |     1 |     1 |     2 |       |     1 ||     5
         Phial of floods   |       |       |       |       |       |       |       |     1 |     1 ||     2
    Use: Potion            |       |    10 |       |     4 |     1 |     3 |    10 |     5 |    16 ||    49
         Scroll            |       |     9 |     3 |    11 |     7 |     7 |     9 |     5 |    12 ||    63
   Stab: Distracted        |       |     1 |       |     1 |       |       |     1 |     4 |     1 ||     8
         Sleeping          |       |       |       |     1 |       |       |     3 |       |     1 ||     5
         Confused          |       |       |       |     1 |       |       |       |       |       ||     1
 Armour: Robe              |    12 |    87 |    61 |       |       |       |       |       |       ||   160
         Steam dragon scal |       |       |    65 |   225 |   231 |       |       |       |       ||   521
         Leather armour    |       |       |       |       |   113 |   255 |   466 |   395 |   330 ||  1559
  Dodge: Dodged            |     9 |    45 |    88 |   163 |   211 |   104 |   175 |   135 |   134 ||  1064
  Block: Buckler           |       |       |       |       |    36 |    57 |    61 |       |       ||   154
         Kite shield       |       |       |       |       |       |       |       |   248 |    35 ||   283
         Reflection        |       |       |       |       |       |       |       |    36 |     1 ||    37

Table legend: (Time is in decaauts)
 A = Elapsed time spent in this place.
 B = Non-inter-level travel time spent in this place.
 C = Inter-level travel time spent in this place.
 D = Time resting spent in this place.
 E = Time spent auto-exploring this place.
 F = Levels seen in this place.
 G = Mean time per level.
                   A        B        C        D        E       F      G
               +--------+--------+--------+--------+--------+-----+--------+
         Total | 144011 | 126775 |  17236 |  16045 |  98399 |  54 | 2666.9 |
       Dungeon |  30746 |  25763 |   4983 |   2309 |  21133 |  15 | 2049.7 |
        Temple |     46 |      3 |     43 |      0 |      0 |   1 |   46.0 |
          Lair |  21448 |  18396 |   3052 |   1719 |  15285 |   5 | 4289.6 |
         Swamp |  10422 |   9722 |    700 |   2233 |   6631 |   4 | 2605.5 |
     Snake Pit |  12595 |  11601 |    994 |   1640 |   8772 |   4 | 3148.8 |
    Slime Pits |   8060 |   6470 |   1590 |    417 |   5600 |   5 | 1612.0 |
  Orcish Mines |   6851 |   6022 |    829 |    258 |   5140 |   2 | 3425.5 |
   Elven Halls |  11984 |  10987 |    997 |   1506 |   8171 |   3 | 3994.7 |
        Vaults |  19664 |  17692 |   1972 |   2877 |  12817 |   5 | 3932.8 |
         Crypt |   8438 |   7218 |   1220 |    797 |   5801 |   3 | 2812.7 |
        Depths |  11189 |  10337 |    852 |   1677 |   7687 |   4 | 2797.2 |
        Bazaar |    755 |    755 |      0 |    311 |    180 |   1 |  755.0 |
         Sewer |   1051 |   1051 |      0 |    182 |    694 |   1 | 1051.0 |
        Bailey |    757 |    757 |      0 |    116 |    483 |   1 |  757.0 |
               +--------+--------+--------+--------+--------+-----+--------+

Top non-repeatable levels by time:
  Lair:5: 5993 daAuts
   Elf:3: 5228 daAuts
Vaults:1: 4874 daAuts
  Lair:3: 4758 daAuts
   Orc:2: 4544 daAuts
Vaults:4: 4129 daAuts
    D:11: 3989 daAuts
Vaults:2: 3959 daAuts
  Lair:4: 3944 daAuts
 Crypt:2: 3835 daAuts
Vaults:3: 3702 daAuts
 Swamp:3: 3674 daAuts
  Lair:1: 3614 daAuts
   Elf:1: 3562 daAuts
 Snake:1: 3509 daAuts
